 Dungeon Crawl Stone Soup version 0.30-a0-123-g91d0c66ccf (webtiles) character file.

Game seed: 10435532100289170929

378 enile the Fruitful (level 6, -6/39 HPs)
             Began as an Octopode Hexslinger on Sept 18, 2022.
             Was a Priest of Fedhas.
             Mangled by an orc
             ... wielding a +0 war axe
              (7 damage)
             ... on level 4 of the Dungeon.
             The game lasted 00:05:01 (4572 turns).

enile the Fruitful (Octopode Hexslinger)            Turns: 4572, Time: 00:05:01

Health: -6/39      AC:  5    Str:  9    XL:     6   Next: 74%
Magic:  9/9        EV: 12    Int: 23    God:    Fedhas [***...]
Gold:   69         SH:  9    Dex: 16    Spells: 6/7 levels left

rFire   . . .      SeeInvis .    z - +3 dagger (venom)
rCold   . . .      Faith    .    q - +2 kite shield {AC+3}
rNeg    . . .      Spirit   .    B - +1 hat of Relativism {rPois Int+6 Dex+3}
rPois   +          Reflect  .    (no amulet)
rElec   .          Harm     .    h - ring of poison resistance
rCorr   .          Rampage  .    u - ring of willpower
Will    +....                    (no ring)
Stlth   ++++......               (no ring)
HPRegen 0.13/turn                (no ring)
MPRegen 0.11/turn                (no ring)
                                 (no ring)
                                 (no ring)

@: no status effects
A: almost no armour, amphibious, 8 rings, camouflage 1, gelatinous body 1,
(nimble swimmer 1), tentacles
a: Renounce Religion, Wall of Briars, Grow Ballistomycete


You were on level 4 of the Dungeon.
You worshipped Fedhas.
Fedhas was most pleased with you.
You visited 1 branch of the dungeon, and saw 4 of its levels.

You collected 117 gold pieces.
You spent 48 gold pieces at shops.

Inventory:

Hand Weapons
 a - a +1 sling
 e - a +0 dagger
 p - a +0 dagger of draining
 z - a +3 dagger of venom (weapon)
Armour
 q - a +2 kite shield of protection (worn)
 B - the +1 hat of Relativism (worn) {rPois Int+6 Dex+3}
   (You found it on level 3 of the Dungeon)

   Int:       It affects your intelligence (+6).
   Dex:       It affects your dexterity (+3).
   rPois:     It protects you from poison.
Jewellery
 h - a ring of poison resistance (left tentacle)
 u - a ring of willpower (right tentacle)
Wands
 y - a wand of paralysis (15)
Scrolls
 b - 2 scrolls of poison
 c - a scroll of vulnerability
 d - 2 scrolls of noise
 j - 2 scrolls of magic mapping
 k - a scroll of blinking
 r - 2 scrolls of butterflies
 s - a scroll of teleportation {unknown}
 v - 2 scrolls of immolation {unknown}
 w - a scroll of acquirement {unknown}
 C - a scroll of fear {unknown}
Potions
 f - a potion of brilliance {unknown}
 g - a potion of heal wounds {unknown}
 i - 2 potions of might {unknown}
 l - 3 potions of curing {unknown}
 m - a potion of resistance {unknown}
 n - a potion of haste {unknown}
 o - 3 potions of degeneration {unknown}
 t - a potion of ambrosia {unknown}
 x - a potion of magic {unknown}
 A - a potion of lignification {unknown}


   Skills:
 - Level 2.0 Fighting
 - Level 2.0 Short Blades
 - Level 2.0 Ranged Weapons
 - Level 3.0 Dodging
 - Level 4.0 Stealth
 - Level 1.0 Spellcasting
 - Level 3.0 Hexes
 + Level 4.9 Invocations


You had 6 spell levels left.
You knew the following spells:

 Your Spells              Type           Power      Damage    Failure   Level
a - Slow                  Hex            56%        N/A       16%         1

Your spell library contained the following spells:

 Spells                   Type           Power      Damage    Failure   Level
 Inner Flame              Hex/Fire       8%         N/A       63%         3
 Portal Projectile        Hex/Tloc       16%        N/A       63%         3
 Ozocubu's Armour         Ice            1%         N/A       83%         3
 Cause Fear               Hex            7%         N/A       83%         4
 Ozocubu's Refrigeration  Ice            0%         4d7       100%        7


Dungeon Overview and Level Annotations

Branches:
Dungeon (4/15)
 Temple: D:4-7

Altars:
Dithmenos
Fedhas
Hepliaklqana
Ru
Uskayaw
Xom

Shops:
D:2 *

Annotations:
D:3 1 runed translucent door, jimonade's ghost, amateur DECj


Innate Abilities, Weirdness & Mutations

You cannot wear most types of armour.
You are amphibious.
You can wear up to eight rings at the same time.
Your skin changes colour to match your surroundings (Stealth+).
Your rubbery body absorbs attacks. (AC +1, EV +1)
((You are camouflaged when in or above water. (Stealth+)))
You have tentacles for arms and can constrict up to eight enemies at once.


Message History

You squeeze the kobold.
You kill the kobold!
Fedhas appreciates your contribution to the ecosystem.
You see here a jackal corpse.
There is an open door here.
There is an open door here.
You see here a jackal corpse.
As you open the door, it creaks loudly!
There is an open door here.
An orc priest is nearby!
An orc priest is nearby!
An orc priest is nearby!
An orc priest and an orc come into view.
The orc priest shouts!
The orc shouts!
The orc priest invokes the aid of Beogh against you.
Beogh smites you! The orc priest closely misses you.
You hit the orc priest. You grab the orc priest.
The orc priest is lightly wounded.
You constrict the orc priest. The orc priest misses you.
The orc barely misses you.
You hit the orc priest but do no damage.
The orc priest is moderately wounded.
You constrict the orc priest.
The orc priest hits you with a +0 short sword.
The orc hits you with a +1 vorpal mace. The orc hits you but does no damage.
You are too injured to fight recklessly!
You are too injured to fight recklessly!
There are monsters nearby!
There are monsters nearby!
You hit the orc priest.
The orc priest is poisoned.
The orc priest is heavily wounded.
You constrict the orc priest, but do no damage.
You block the orc priest's attack. The orc hits you with a +1 vorpal mace.
* * * LOW HITPOINT WARNING * * *
x2 The orc hits you with a +0 war axe!
* * * LOW HITPOINT WARNING * * *
The orc priest barely misses you. The orc hits you with a +0 war axe!
You die...
Fedhas appreciates your contribution to the ecosystem.

#.##..)....#.....#
#..#...#...#.....#
#..#...#...#.....#
#..+#######'.....#
#................#
#................####
#................#...
#................'...
#...@............#...
#..ooo...........#...
#........#########...
..........#......#####
............#...........
............#...........
............#...........
............#...........
#########...


You could see an orc priest (very poisoned) and 2 orcs.

Vanquished Creatures
  A phantom (D:4)
  A hound (D:4)
  Jessica (D:3)
  Ijyb (D:3)
  4 orc wizards (D:4)
  3 adders
  3 worms
  6 dart slugs
  5 orcs (D:4)
  7 endoplasms
  A giant cockroach (D:2)
  4 goblins
  6 hobgoblins
  5 jackals
  10 kobolds
  2 quokkas (D:1)
  4 ball pythons
  4 bats
  5 frilled lizards
  10 rats
83 creatures vanquished.

Notes
Turn   | Place    | Note
-------+----------+-------------------------------------------
     0 | D:1      | enile the Octopode Hexslinger began the quest for the Orb.
     0 | D:1      | Reached XP level 1. HP: 13/13 MP: 2/2
   625 | D:1      | Reached XP level 2. HP: 7/19 MP: 1/3
  1196 | D:1      | Found a faded altar of an unknown god.
  1211 | D:1      | Prayed at the altar of an unknown god.
  1211 | D:1      | Became a worshipper of Fedhas Madash
  1211 | D:1      | Reached * piety under Fedhas
  1381 | D:1      | Reached XP level 3. HP: 16/24 MP: 4/4
  1807 | D:1      | Reached skill level 1 in Stealth
  2394 | D:2      | Found Liasmoze's General Store.
  2421 | D:2      | Bought a scroll of butterflies for 48 gold pieces
  2486 | D:2      | Reached XP level 4. HP: 26/29 MP: 5/5
  2590 | D:2      | Reached ** piety under Fedhas
  2627 | D:2      | Reached skill level 1 in Short Blades
  3048 | D:3      | Found a runed translucent door.
  3069 | D:3      | Noticed jimonade's ghost (amateur DECj)
  3157 | D:3      | Found a shadowy altar of Dithmenos.
  3333 | D:3      | Noticed Jessica
  3335 | D:3      | Noticed Ijyb
  3336 | D:3      | Killed Jessica
  3337 | D:3      | Reached XP level 5. HP: 34/34 MP: 6/6
  3339 | D:3      | Killed Ijyb
  3340 | D:3      | Reached skill level 1 in Invocations
  3405 | D:3      | Found a hazy altar of Hepliaklqana.
  3667 | D:3      | Identified the +1 hat of Relativism {rPois Int+6 Dex+3}
  3848 | D:4      | Found a shimmering altar of Xom.
  3849 | D:4      | Found a hide-covered altar of Uskayaw.
  3871 | D:4      | Noticed a phantom
  3948 | D:4      | Reached XP level 6. HP: 17/39 MP: 6/8
  4322 | D:4      | Reached *** piety under Fedhas
  4529 | D:4      | Found a sacrificial altar of Ru.
  4572 | D:4      | HP: 1/39 [orc/+0 war axe (7)]
  4572 | D:4      | Mangled by an orc

Illustrated notes

Levels and vault maps discovered:
D:1:      dpeg_arrival_circle_labyrinth_a, layout_loops_corners,
          basic_ecumenical_altar, hangedman_feature_mirror
D:2:      layout_rooms, serial_shops, nicolae_shop_trees
D:3:      layout_loops_ring, mainiacjoe_overflow_alcove_2,
          nicolae_overflow_crystal_walls, hellmonk_ghost_happy_afterlife,
          corexii_leaking_fountain, minmay_misc_feat_x, uniq_jessica, uniq_ijyb
D:4:      layout_gridville, nicolae_ru_great_annihilating_truth,
          nicolae_overflow_two_pavilions

Skill      XL: |  1  2  3  4  5  6 |
---------------+-------------------+-----
Fighting       | 2 |  2.0
Dodging        | 3 |  3.0
Stealth        | 3 4 |  4.0
Short Blades   | 2 |  2.0
Invocations    | 3 4 |  4.9
Ranged Weapons | |  2.0
Spellcasting   | |  1.0
Hexes          | |  3.0

Action                   |  1- 3 |  4- 6 || total
-------------------------+-------+-------++-------
Melee: Dagger            |    90 |    88 ||   178
       Constrict         |    24 |    16 ||    40
       Tentacles         |    21 |    15 ||    36
       Punch             |     1 |     3 ||     4
 Fire: Sling             |    18 |       ||    18
 Cast: Slow              |     6 |     1 ||     7
  Use: Scroll            |       |     4 ||     4
 Stab: Sleeping          |     9 |    13 ||    22
Armor: Skin              |     8 |    15 ||    23
Dodge: Dodged            |    52 |    28 ||    80
Block: Kite shield       |       |    27 ||    27

Table legend: (Time is in decaauts)
 A = Elapsed time spent in this place.
 B = Non-inter-level travel time spent in this place.
 C = Inter-level travel time spent in this place.
 D = Time resting spent in this place.
 E = Time spent auto-exploring this place.
 F = Levels seen in this place.
 G = Mean time per level.
                   A        B        C        D        E       F      G
               +--------+--------+--------+--------+--------+-----+--------+
         Total |   4584 |   4397 |    187 |      0 |   3799 |   4 | 1146.0 |
       Dungeon |   4584 |   4397 |    187 |      0 |   3799 |   4 | 1146.0 |
               +--------+--------+--------+--------+--------+-----+--------+

Top non-repeatable levels by time:
     D:1: 2231 daAuts
     D:2: 822 daAuts
     D:4: 765 daAuts
     D:3: 763 daAuts
